[Event "Team 45 45 League T44"]
[Site "Internet Chess Club"]
[Date "2010.03.05"]
[Round "5"]
[White "PaulKaspar"]
[Black "Darkwizard1"]
[Result "0-1"]
[WhiteElo "1930"]
[BlackElo "1919"]
[Opening "Ruy Lopez: Graz variation"]
[ECO "C70"]
[Time "13:00:51"]
[TimeControl "2700+45"]

1. e4 e5 2. Nf3 Nc6 3. Bb5 a6 4. Ba4 b5 5. Bb3 Bc5 6. O-O Nf6 7. c3 O-O 8. d4
Bd6 9. Bg5 h6 10. dxe5 Nxe5 11. Nxe5 hxg5 12. Bxf7+ Rxf7 13. Nxf7 Kxf7 14. Qb3+
Kg6 15. Nd2 Qh8 16. h3 g4 17. Qc2 Kf7 18. Qd3 Bb7 19. Rfe1 Re8 20. a4 gxh3 21.
gxh3 Qh5 22. axb5 axb5 23. Ra7 Qg6+ 24. Kf1 Bc6 25. f3 Qg3 26. Ke2 Nh5 27. Kd1
Nf4 28. Qf1 Nxh3 29. Kc2 Nf4 30. Rea1 Bc5 31. R7a2 Ng2 32. Qh1 Ne3+ 33. Kb1 d5
34. Qh5+ Kf6 35. Ra6 Bb6 36. Rxb6 cxb6 37. Ra7 Qg6 38. Qh4+ Ke6 39. Qh3+ Kd6 40.
Qh2+ Re5 41. Qh4 Qf6 42. Qh8 Bd7 43. Qb8+ Ke7 44. Ra8 Kf7 45. Qg8+ Kg6 46. Rd8
Be6 47. Qe8+ Bf7 {White resigns} 0-1

[Event "Team 45 45 League T44"]
[Site "Internet Chess Club"]
[Date "2010.03.07"]
[Round "5"]
[White "Ehab"]
[Black "Guoruey"]
[Result "0-1"]
[WhiteElo "1944"]
[BlackElo "2013"]
[Opening "Sicilian: Najdorf, 6...e6"]
[ECO "B95"]
[Time "15:00:13"]
[TimeControl "2700+45"]

1. e4 c5 2. Nf3 d6 3. d4 cxd4 4. Nxd4 Nf6 5. Nc3 a6 6. Bg5 e6 7. Bd3 Be7 8. O-O
Qc7 9. Kh1 O-O 10. f4 Nc6 11. Nf3 b5 12. Qe2 Bb7 13. Rae1 b4 14. e5 dxe5 15.
fxe5 Nxe5 16. Nb5 Bxf3 17. Rxf3 axb5 18. Qxe5 Qxe5 19. Rxe5 Rxa2 20. b3 h6 21.
Bd2 Nd5 22. h3 Rfa8 23. Rf1 Bf6 24. Re2 R8a5 25. Ref2 Ra1 26. Bc1 Kf8 27. g4 Ke7
28. Kg2 Kd6 29. Be4 Kc5 30. Kg3 R5a2 31. h4 Nc3 32. Bd3 Nd5 33. Kh3 Ra7 34. Be4
R7a2 35. g5 hxg5 36. hxg5 Bb2 37. Bxb2 Rxf1 38. Rxf1 Rxb2 39. Rxf7 Kd4 40. Bh7
e5 41. Rxg7 e4 42. Rd7 Rxc2 43. g6 Ke5 44. Rxd5+ Kxd5 45. g7 Rc8 46. Kg3 Kd4 47.
Kf2 Kc3 48. g8=Q Rxg8 49. Bxg8 Kd2 {White resigns} 0-1

[Event "Team 45 45 League T44"]
[Site "Internet Chess Club"]
[Date "2010.03.04"]
[Round "5"]
[White "Bible-Believer"]
[Black "OGO"]
[Result "1-0"]
[WhiteElo "1538"]
[BlackElo "1550"]
[Opening "Queen's pawn game"]
[ECO "A46"]
[Time "17:00:14"]
[TimeControl "2700+45"]

1. d4 Nf6 2. Nf3 d6 3. h3 e6 4. Bf4 Be7 5. e3 Nbd7 6. Bd3 O-O 7. O-O b6 8. Nbd2
Bb7 9. Re1 Rc8 10. Qe2 c5 11. Nc4 cxd4 12. Bxd6 dxe3 13. Qxe3 Nc5 14. Bxe7 Qxe7
15. Bf1 Rfd8 16. Rad1 Nd5 17. Qc1 Qf6 18. Nce5 Qf4 19. Qxf4 Nxf4 20. g3 Nd5 21.
Bg2 Nb4 22. c3 Nc6 23. Nxc6 Bxc6 24. Ne5 Bxg2 25. Kxg2 Rxd1 26. Rxd1 Kf8 27. Kf3
Ke7 28. Ke3 f6 29. Nd3 Nxd3 30. Rxd3 Rc6 31. Rd4 Rd6 32. f4 Rxd4 33. Kxd4 Kd6
34. c4 g6 35. b4 e5+ 36. fxe5+ fxe5+ 37. Ke4 h6 38. g4 a6 39. a3 a5 40. h4 Ke6
41. c5 bxc5 42. bxc5 a4 43. g5 h5 44. c6 Kd6 45. c7 Kxc7 46. Kxe5 {Black
resigns} 1-0

[Event "Team 45 45 League T44"]
[Site "Internet Chess Club"]
[Date "2010.03.09"]
[Round "5"]
[White "islanderpfeifer"]
[Black "joshtournman"]
[Result "0-1"]
[WhiteElo "1480"]
[BlackElo "1502"]
[Opening "Queen's pawn game, Chigorin variation"]
[ECO "D02"]
[Time "18:53:38"]
[TimeControl "2700+45"]

1. d4 d5 2. Nf3 Nc6 3. e3 Bg4 4. Bd3 e5 5. dxe5 Nxe5 6. Be2 Bxf3 7. Bxf3 Nxf3+
8. Qxf3 Nf6 9. O-O Bd6 10. Rd1 O-O 11. c4 c6 12. Nc3 Qc7 13. h3 dxc4 14. a4 Rad8
15. e4 Bh2+ 16. Kh1 Rxd1+ 17. Qxd1 Be5 18. Qf3 Bxc3 19. bxc3 Re8 20. Bf4 Qe7 21.
Re1 Nxe4 22. Qe2 Ng3+ 23. Bxg3 Qxe2 24. Rxe2 Rxe2 25. a5 Ra2 26. Bc7 Rxf2 27.
Kg1 Rc2 28. Be5 f6 29. Bd4 a6 30. Kf1 Kf7 31. h4 Ke6 32. g3 Kd5 33. g4 c5 34.
Be3 Rxc3 35. Bf4 Rf3+ 36. Kg2 Rxf4 37. Kg3 Rd4 38. Kf3 c3 39. g5 fxg5 40. hxg5
c2 41. g6 hxg6 42. Ke2 c1=Q 43. Kf3 Qc3+ 44. Kf2 Rd2+ {White resigns} 0-1

[Event "Team 45 45 League T44"]
[Site "Internet Chess Club"]
[Date "2010.03.05"]
[Round "5"]
[White "kingsrook"]
[Black "BosqueVerde"]
[Result "1-0"]
[WhiteElo "1342"]
[BlackElo "1117"]
[Opening "Queen's pawn game"]
[ECO "D04"]
[Time "20:00:44"]
[TimeControl "2700+45"]

1. d4 d5 2. Nf3 Nf6 3. e3 c5 4. c3 Nc6 5. Bd3 Bg4 6. Nbd2 Rc8 7. O-O cxd4 8.
exd4 e5 9. dxe5 Nxe5 10. Re1 Bd6 11. Bb5+ Nd7 12. h3 Be6 13. Nxe5 O-O 14. Ndf3
a6 15. Ba4 b5 16. Bc2 Qc7 17. Bxh7+ Kh8 18. Nxd7 Qxd7 19. Bc2 a5 20. Ne5 g6 21.
Nxd7 Bxd7 22. Qd4+ Kg8 23. Bh6 {Black resigns} 1-0

[Event "Team 45 45 League T44"]
[Site "Internet Chess Club"]
[Date "2010.03.04"]
[Round "5"]
[White "SATELLITE-DAN"]
[Black "oldsj"]
[Result "1-0"]
[WhiteElo "1550"]
[BlackElo "1554"]
[Opening "Sicilian"]
[ECO "B50"]
[Time "17:00:27"]
[TimeControl "2700+45"]

1. e4 c5 2. Nf3 d6 3. Bc4 e6 4. O-O Nf6 5. Nc3 Be7 6. d4 cxd4 7. Nxd4 a6 8. a4
Nbd7 9. Be3 Ne5 10. Be2 Qc7 11. f4 Nc4 12. Bc1 O-O 13. b3 Na5 14. Bb2 b6 15. Bd3
e5 16. Nf5 Bb7 17. fxe5 dxe5 18. Nd5 Bc5+ 19. Kh1 Nxd5 20. Qg4 f6 21. exd5 Bxd5
22. b4 Bxg2+ 23. Qxg2 Bxb4 24. Rg1 Ra7 25. Be4 Bc5 26. Rgd1 Nc4 27. Bd5+ Kh8 28.
Bxc4 Qc8 29. Bd3 g6 30. Nh4 Rg8 31. Rf1 Qe6 32. Qe4 a5 33. Rxf6 Qxf6 34. Bxe5
Qxe5 35. Qxe5+ Rag7 36. Bxg6 Bf2 37. Nf5 hxg6 38. Nxg7 Rxg7 39. Rf1 Bc5 40. Rf7
Bd6 41. Qxg7# {Black checkmated} 1-0

[Event "Team 45 45 League T44"]
[Site "Internet Chess Club"]
[Date "2010.03.07"]
[Round "5"]
[White "moreffee"]
[Black "alaskauk"]
[Result "0-1"]
[WhiteElo "1314"]
[BlackElo "1484"]
[Opening "Giuoco Piano: four knights variation"]
[ECO "C50"]
[Time "13:01:42"]
[TimeControl "2700+45"]

1. e4 e5 2. Nf3 Nc6 3. Bc4 Bc5 4. Nc3 Nf6 5. O-O a6 6. a3 O-O 7. h3 d6 8. d3 Be6
9. Bxe6 fxe6 10. Be3 Nd4 11. Nxd4 exd4 12. Bxd4 Bxd4 13. Qd2 e5 14. Rab1 Rf7 15.
Ne2 Bb6 16. Kh1 Qd7 17. f4 Raf8 18. f5 d5 19. Ng3 dxe4 20. Qe2 exd3 21. cxd3 Bd4
22. Rbd1 Nd5 23. Rf3 Ne7 24. Rdf1 Rf6 25. Nh5 Rxf5 26. Nxg7 Rxf3 27. Rxf3 Rxf3
28. Qxf3 Kxg7 29. b3 b6 30. a4 Qf5 {White resigns} 0-1

[Event "Team 45 45 League T44"]
[Site "Internet Chess Club"]
[Date "2010.03.08"]
[Round "5"]
[White "otib2006"]
[Black "beerss"]
[Result "1/2-1/2"]
[WhiteElo "1257"]
[BlackElo "1346"]
[Opening "Queen's pawn game"]
[ECO "D02"]
[Time "14:00:11"]
[TimeControl "2700+45"]

1. d4 d5 2. Nf3 c6 3. e3 Bg4 4. Bd3 Nf6 5. Nbd2 e6 6. O-O Bd6 7. b3 Nbd7 8. Bb2
Qc7 9. g3 h6 10. Rc1 Rc8 11. c4 Bb4 12. Bc3 Bxc3 13. Rxc3 Qb8 14. Qc1 O-O 15.
Qc2 Rfe8 16. e4 dxe4 17. Bxe4 e5 18. d5 cxd5 19. cxd5 Rxc3 20. Qxc3 Nxe4 21.
Nxe4 Bf5 22. Ned2 e4 23. Nh4 Bh3 24. Re1 Nf6 25. Qd4 Qc8 26. Nc4 Qd8 27. d6 b6
28. Ne5 Bd7 29. f3 exf3 30. Nhxf3 Re6 31. Rc1 Qf8 32. Nxd7 Nxd7 33. Rc7 Rxd6 34.
Qc3 Nc5 35. Rxa7 Rd1+ 36. Kg2 Qd8 37. Qe5 Ne6 38. Qe4 Qf6 39. Ra8+ Nf8 40. Qe8
Qd6 41. Qe2 Rc1 42. Qe4 Qc5 43. Ne5 Qg1+ 44. Kh3 Qf1+ 45. Qg2 Qf5+ 46. Kh4 Qxe5
47. Qf3 Rc5 48. Kh3 Qh5+ 49. Qxh5 Rxh5+ 50. Kg2 Ra5 51. Rxa5 bxa5 52. Kf3 Nd7
53. Ke4 Kf8 54. Kd5 Ke7 55. Kc6 Ke6 56. Kb5 Kd5 57. Kxa5 Kc5 58. b4+ Kc6 59. b5+
Kb7 60. Kb4 Ne5 61. a4 Nd3+ 62. Kc4 Ne5+ 63. Kc5 f6 64. a5 g5 65. b6 h5 66. a6+
Kb8 67. a7+ Kb7 68. Kb5 f5 69. Kc5 f4 70. gxf4 gxf4 71. Kd4 Ng4 72. Ke4 Nxh2 73.
Kxf4 Ng4 74. Kg5 Ne5 75. Kxh5 Nd7 76. Kg4 Nxb6 77. Kf5 Kxa7 {Game drawn because
neither player has mating material} 1/2-1/2

[Event "Team 45 45 League T44"]
[Site "Internet Chess Club"]
[Date "2010.03.03"]
[Round "5"]
[White "chips"]
[Black "dpmdpm"]
[Result "1/2-1/2"]
[WhiteElo "1216"]
[BlackElo "1461"]
[Opening "Polish (Sokolsky) opening"]
[ECO "A00"]
[Time "15:31:26"]
[TimeControl "2700+45"]

1. b4 e5 2. Bb2 d6 3. a3 Nf6 4. d3 a6 5. e4 Nc6 6. Nf3 Be7 7. g3 b5 8. Bg2 Bb7
9. Nc3 O-O 10. O-O d5 11. Kh1 dxe4 12. dxe4 Bd6 13. Re1 Ng4 14. Kg1 Qe7 15. Nd5
Qd8 16. Ne3 Nxe3 17. Rxe3 Re8 18. Re1 Qe7 19. Bc1 h6 20. Nh4 Rad8 21. Qe2 Bc8
22. Nf5 Bxf5 23. exf5 Nd4 24. Qe4 c5 25. bxc5 Bxc5 26. Bb2 Rc8 27. Rac1 Qf6 28.
g4 Qb6 29. Rf1 Qf6 30. Rfe1 Qd6 31. Ra1 Bb6 32. Rac1 Qf6 33. Bxd4 Bxd4 34. Kh1
Bxf2 35. Re2 Bc5 36. Ra1 Bd4 37. Ra2 Qd6 38. Qd5 Qxd5 39. Bxd5 Rcd8 40. Bb7 Rd6
41. a4 Rb8 42. Be4 bxa4 43. Rxa4 Bc3 44. Kg2 Rb4 45. Ra3 Bb2 46. Rb3 Rxb3 47.
cxb3 Bd4 48. Bc2 Bb6 49. Kf3 Kf8 50. h3 f6 51. Re4 Rd7 {Game drawn by mutual
agreement} 1/2-1/2

[Event "Team 45 45 League T44"]
[Site "Internet Chess Club"]
[Date "2010.03.07"]
[Round "5"]
[White "mongmong"]
[Black "crazyhorses"]
[Result "1-0"]
[WhiteElo "1563"]
[BlackElo "1530"]
[Opening "Colle system"]
[ECO "D05"]
[Time "17:21:43"]
[TimeControl "2700+45"]

1. d4 d5 2. Nf3 Nf6 3. e3 e6 4. Bd3 c5 5. c3 Nc6 6. Nbd2 Be7 7. O-O O-O 8. Qe2
b6 9. Re1 Qc7 10. dxc5 Bxc5 11. e4 dxe4 12. Nxe4 Be7 13. Nxf6+ Bxf6 14. Bg5 Qe7
15. Bxf6 Qxf6 16. Qe4 g6 17. Qxc6 Rb8 18. Qe4 Bb7 19. Qe5 Qe7 20. Nd4 Rfd8 21.
Be4 Bxe4 22. Qxe4 Qb7 23. Nc6 {Black resigns} 1-0

[Event "Team 45 45 League T44"]
[Site "Internet Chess Club"]
[Date "2010.03.04"]
[Round "5"]
[White "g8wrb"]
[Black "oldprez"]
[Result "1-0"]
[WhiteElo "1587"]
[BlackElo "1417"]
[Opening "Caro-Kann: Tartakower (fantasy) variation"]
[ECO "B12"]
[Time "12:00:55"]
[TimeControl "2700+45"]

1. e4 c6 2. d4 d5 3. f3 dxe4 4. fxe4 e6 5. Nf3 Nd7 6. Bc4 Ngf6 7. Nc3 Bb4 8. Qd3
O-O 9. O-O Re8 10. Bg5 Qb6 11. a3 Be7 12. Rab1 e5 13. Na4 Qa5 14. Bb3 exd4 15.
Qxd4 Nc5 16. Kh1 Nxb3 17. cxb3 b6 18. Rfe1 Be6 19. Re3 Ng4 20. Bxe7 Nxe3 21. Bb4
Nc2 22. Bxa5 Nxd4 23. Nxd4 bxa5 24. Nxc6 Bxb3 25. Nc5 Bc2 26. Rc1 Bxe4 27. Nxe4
Rxe4 28. Kg1 Rc8 29. Ne7+ Rxe7 30. Rxc8+ {Black resigns} 1-0

[Event "Team 45 45 League T44"]
[Site "Internet Chess Club"]
[Date "2010.03.12"]
[Round "5"]
[White "MCJR"]
[Black "IanT"]
[Result "1-0"]
[WhiteElo "1393"]
[BlackElo "1398"]
[Opening "Queen's pawn game"]
[ECO "A46"]
[Time "20:01:00"]
[TimeControl "2700+45"]

1. d4 Nf6 2. Nf3 e6 3. Bf4 d5 4. e3 c5 5. c3 Nc6 6. Nbd2 Bd6 7. Bg3 O-O 8. Ne5
Qc7 9. Ndf3 Bd7 10. h3 h6 11. Bd3 c4 12. Bc2 b5 13. a3 a5 14. O-O b4 15. axb4
axb4 16. Rxa8 Rxa8 17. cxb4 Nxb4 18. Nxd7 Qxd7 19. Bxd6 Qxd6 20. Ba4 Nd3 21. Qc2
Qb4 22. b3 cxb3 23. Bxb3 Ra3 24. Rb1 Qb5 25. Qc8+ Kh7 26. Bc2 Qc4 27. Bxd3+ Qxd3
28. Rb8 Kg6 29. Ne5+ Kg5 30. Nxd3 Rxd3 31. Qc7 Ne4 32. Qf4+ Kg6 33. Rf8 f5 34.
Qe5 Rd1+ 35. Kh2 Kh5 36. Qxg7 Nxf2 37. Qf7+ Kh4 38. Qf6+ Kh5 39. g4+ fxg4 40.
Qxf2 e5 41. hxg4+ Kxg4 42. Qe2+ {Black resigns} 1-0

[Event "Team 45 45 League T44"]
[Site "Internet Chess Club"]
[Date "2010.03.07"]
[Round "5"]
[White "Conjurer"]
[Black "tcianciola"]
[Result "1-0"]
[WhiteElo "1257"]
[BlackElo "1162"]
[Opening "QGD Slav: 4.Nc3"]
[ECO "D15"]
[Time "19:02:21"]
[TimeControl "2700+45"]

1. d4 d5 2. c4 Nf6 3. Nc3 c6 4. Nf3 Bf5 5. Bg5 h6 6. Bh4 Nbd7 7. e3 e6 8. Be2
Be7 9. O-O O-O 10. Rc1 a6 11. cxd5 cxd5 12. h3 Qb6 13. Na4 Qb4 14. a3 Qa5 15. b4
Qd8 16. Bg3 Ne4 17. Bh2 b5 18. Nc3 Nxc3 19. Rxc3 Rc8 20. Qd2 Nb6 21. Rfc1 Nc4
22. Qd1 a5 23. Ne5 axb4 24. axb4 Bxb4 25. Rb3 Qe7 26. g4 Be4 27. f3 Bh7 28. Nd7
Rfd8 29. Ne5 Bd2 30. Bxc4 Bxc1 31. Bxb5 Qd6 32. Nc6 Rxc6 33. Bxd6 Bc2 {Black
resigns} 1-0

[Event "Team 45 45 League T44"]
[Site "Internet Chess Club"]
[Date "2010.03.07"]
[Round "5"]
[White "GadsHill"]
[Black "yemisco1"]
[Result "1-0"]
[WhiteElo "1521"]
[BlackElo "1416"]
[Opening "QGD Slav: 3.Nf3"]
[ECO "D11"]
[Time "15:00:40"]
[TimeControl "2700+45"]

1. d4 d5 2. c4 c6 3. Nf3 e6 4. cxd5 exd5 5. Nc3 Bb4 6. Bf4 Nd7 7. e3 Qa5 8. Qc2
Ngf6 9. Bd3 Bxc3+ 10. bxc3 b5 11. O-O h6 12. Rfb1 a6 13. a4 Qd8 14. axb5 cxb5
15. Bxb5 O-O 16. Bd3 Nb6 17. c4 Nxc4 18. Bxc4 dxc4 19. Qxc4 Be6 20. Qb4 Nd5 21.
Qd6 Qxd6 22. Bxd6 Rfd8 23. Bg3 Rdc8 24. Ne5 Rc2 25. Nd3 a5 26. Nc5 Nc3 27. Rb8+
Rxb8 28. Bxb8 Ra2 29. Rxa2 Nxa2 30. Bc7 Nc1 31. Bxa5 Nb3 32. Nxe6 fxe6 33. Bc7
Kf7 34. Kf1 Na1 35. Ke2 Nc2 36. Bd6 Na1 37. Kd3 Nb3 38. Kc2 Na5 39. Kc3 Nc6 40.
Bc7 Ne7 41. e4 g5 42. Kc4 Ke8 43. d5 exd5+ 44. exd5 Kd7 45. Be5 g4 46. Kd4 h5
47. f4 gxf3 48. gxf3 Nf5+ 49. Ke4 Ne7 50. f4 Nc8 51. f5 Nb6 52. f6 Nc8 53. Kf5
Nb6 54. d6 Nc4 55. f7 Ne3+ 56. Ke4 Ng4 57. f8=Q Nxe5 58. Kxe5 Kc6 59. Ke6 h4 60.
d7 h3 61. Qd6+ Kb5 62. d8=Q {Black resigns} 1-0

[Event "Team 45 45 League T44"]
[Site "Internet Chess Club"]
[Date "2010.03.05"]
[Round "5"]
[White "reverendjim"]
[Black "wrimle"]
[Result "0-1"]
[WhiteElo "1423"]
[BlackElo "1574"]
[Opening "Dutch: Leningrad, main variation"]
[ECO "A87"]
[Time "15:00:53"]
[TimeControl "2700+45"]

1. d4 f5 2. g3 g6 3. Bg2 Nf6 4. c4 Bg7 5. Nf3 O-O 6. O-O d6 7. Nc3 Qe8 8. d5 a5
9. Rb1 Na6 10. a3 Bd7 11. Qd3 Nc5 12. Qc2 Rb8 13. b4 axb4 14. axb4 Nce4 15. Bb2
b6 16. Nd2 Nxc3 17. Bxc3 c5 18. bxc5 bxc5 19. Rxb8 Qxb8 20. Rb1 Qa7 21. Ra1 Qb7
22. f4 Ra8 23. Rxa8+ Qxa8 24. e4 fxe4 25. Nxe4 Bf5 26. Nxf6+ Bxf6 27. Qb2 Kf7
28. Bxf6 exf6 29. Kf2 Qe8 30. h3 g5 31. Bf3 Kg7 32. fxg5 Qe5 33. gxf6+ Kxf6 34.
Qxe5+ Kxe5 35. g4 Bd3 36. Be2 Kd4 37. Bxd3 Kxd3 38. Kf3 Kxc4 39. g5 Kxd5 40. Ke3
Ke6 41. h4 Kf5 {White resigns} 0-1

[Event "Team 45 45 League T44"]
[Site "Internet Chess Club"]
[Date "2010.03.06"]
[Round "5"]
[White "sdcohle"]
[Black "nozmov"]
[Result "1/2-1/2"]
[WhiteElo "1425"]
[BlackElo "1352"]
[Opening "QGD: 3...Nf6"]
[ECO "D35"]
[Time "13:33:01"]
[TimeControl "2700+45"]

1. d4 d5 2. c4 e6 3. Nc3 Nf6 4. e3 Be7 5. Nf3 O-O 6. c5 b6 7. b4 a5 8. Ba3 axb4
9. Bxb4 Nc6 10. a3 Bb7 11. Bd3 Nxb4 12. axb4 Rxa1 13. Qxa1 Qa8 14. O-O Ne4 15.
Qxa8 Rxa8 16. Nxe4 dxe4 17. c6 Bxc6 18. Ne5 Be8 19. Be2 Bxb4 20. g3 f6 21. Nc4
b5 22. Nb2 Ra2 23. Rb1 Ba3 24. Bxb5 Rxb2 25. Rxb2 Bxb2 26. Bxe8 Kf8 27. Bc6 Ke7
28. Bxe4 Kd6 29. Bxh7 e5 30. dxe5+ Kxe5 31. Kf1 c5 32. Ke2 Kd5 33. Kd3 c4+ 34.
Kc2 Be5 35. f3 Bd6 36. f4 Bc5 37. Kc3 Bxe3 38. Bg8+ Ke4 39. Bxc4 Kf3 40. Bd5+
Kg4 41. Kd3 Bg1 42. Be4 Bxh2 43. f5 Bxg3 44. Kd4 Kf4 45. Kd5 Ke3 46. Bb1 {Game
drawn by mutual agreement} 1/2-1/2

[Event "Team 45 45 League T44"]
[Site "Internet Chess Club"]
[Date "2010.03.06"]
[Round "5"]
[White "Aquaman"]
[Black "TroyO"]
[Result "0-1"]
[WhiteElo "1247"]
[BlackElo "1386"]
[Opening "King's Indian: East Indian defense"]
[ECO "A48"]
[Time "14:30:24"]
[TimeControl "2700+45"]

1. d4 Nf6 2. Nf3 g6 3. Nc3 d5 4. Bf4 c5 5. Qd2 cxd4 6. Nxd4 Nc6 7. Ndb5 e5 8.
Be3 a6 9. Nxd5 Nxd5 10. O-O-O axb5 11. Qxd5 Qxd5 12. Rxd5 Rxa2 13. Rxb5 Bg7 14.
Kb1 Ra5 15. Rb6 O-O 16. Bd2 Rd5 17. Kc1 Rfd8 18. b3 Rxd2 19. Kb2 e4+ 20. Ka3
Rxc2 21. e3 Rd1 22. b4 Be6 23. Ka4 Ra2+ 24. Kb5 Rd5+ 25. Kc4 Ne5+ 26. Kc3 Nd7+
{White resigns} 0-1

[Event "Team 45 45 League T44"]
[Site "Internet Chess Club"]
[Date "2010.03.07"]
[Round "5"]
[White "cazj"]
[Black "SeniorCitizen"]
[Result "1-0"]
[WhiteElo "1320"]
[BlackElo "1271"]
[Opening "Sicilian defense"]
[ECO "B30"]
[Time "10:32:21"]
[TimeControl "2700+45"]

1. e4 c5 2. Nf3 Nc6 3. Bc4 e6 4. Nc3 Bd6 5. d3 a6 6. Be3 Nf6 7. Bg5 O-O 8. O-O
b5 9. Bb3 Bb7 10. Re1 Ne5 11. a3 Nxf3+ 12. Qxf3 Be5 13. Nd1 Qa5 14. c3 Ne8 15.
Qg4 Qc7 16. f4 Bf6 17. Bh6 e5 18. f5 Qd8 19. Nf2 Kh8 20. Be3 d6 21. Nh3 Qc7 22.
Ng5 Bxg5 23. Bxg5 c4 24. dxc4 bxc4 25. Ba4 Qb6+ 26. Kh1 Bc6 27. Bxc6 Qxc6 28.
Re3 Rb8 29. Rb1 f6 30. Bh4 Rb3 31. Qe2 Nc7 32. Rg3 Ne8 33. Rh3 Rg8 34. Bg5 fxg5
35. Rxh7+ {Black resigns} 1-0

[Event "Team 45 45 League T44"]
[Site "Internet Chess Club"]
[Date "2010.03.08"]
[Round "5"]
[White "KingOfHearts"]
[Black "mmf00"]
[Result "0-1"]
[WhiteElo "1303"]
[BlackElo "1626"]
[Opening "Sicilian: Hungarian variation"]
[ECO "B27"]
[Time "19:00:16"]
[TimeControl "2700+45"]

1. e4 c5 2. Nf3 g6 3. Nc3 Bg7 4. Bc4 Nc6 5. Ng5 e6 6. d3 h6 7. Nf3 Nf6 8. O-O
O-O 9. Be3 b6 10. d4 cxd4 11. Nxd4 Bb7 12. Qd2 Kh7 13. h3 Rc8 14. Bd3 d5 15. f3
Nxd4 16. Bxd4 dxe4 17. Bxe4 Nxe4 18. fxe4 Qxd4+ 19. Qxd4 Bxd4+ 20. Kh1 Bxc3 21.
bxc3 Rxc3 {White resigns} 0-1

[Event "Team 45 45 League T44"]
[Site "Internet Chess Club"]
[Date "2010.03.07"]
[Round "5"]
[White "iwin2"]
[Black "chips"]
[Result "1-0"]
[WhiteElo "1049"]
[BlackElo "1192"]
[Opening "Scandinavian (center counter) defense"]
[ECO "B01"]
[Time "20:04:09"]
[TimeControl "2700+45"]

1. e4 d5 2. Nc3 dxe4 3. Nxe4 g6 4. Nf3 Bg7 5. Bc4 e6 6. O-O Nf6 7. d3 O-O 8. Bg5
Nbd7 9. Nxf6+ Bxf6 10. Bxf6 Qxf6 11. Rb1 Nb6 12. b3 Nxc4 13. bxc4 b6 14. Qe2 Bb7
15. Rfe1 Rfe8 16. Qe3 Bxf3 17. Qxf3 Qxf3 18. gxf3 Re7 19. Re5 f6 20. Re4 f5 21.
Re5 Kf7 22. Reb5 c6 23. R5b4 c5 24. Rb5 Kf6 25. c3 Rb7 26. d4 cxd4 27. cxd4 Rd8
28. Rd1 a6 29. Rb2 b5 30. cxb5 axb5 31. a4 Rdb8 32. axb5 Rxb5 33. Rxb5 Rxb5 34.
Rc1 Rd5 35. Rc4 Kg5 36. Kg2 e5 37. dxe5 Rxe5 38. f4+ Kf6 39. fxe5+ Kxe5 40. Rc7
h5 41. Rg7 Kf6 42. Ra7 Kg5 43. Kg3 h4+ 44. Kh3 Kh5 45. Ra4 Kg5 46. Rxh4 Kf6
{Black resigns} 1-0

[Event "Team 45 45 League T44"]
[Site "Internet Chess Club"]
[Date "2010.03.07"]
[Round "5"]
[White "Graybeard"]
[Black "ordinaryboy"]
[Result "1-0"]
[WhiteElo "1160"]
[BlackElo "960"]
[Opening "Sicilian: closed"]
[ECO "B23"]
[Time "17:08:50"]
[TimeControl "2700+45"]

1. e4 c5 2. Nc3 g6 3. Nf3 Nc6 4. Bc4 Bg7 5. d3 e6 6. Be3 Nge7 7. d4 b6 8. d5 Nb4
9. a3 Na6 10. O-O O-O 11. dxe6 fxe6 12. Qd2 Nc7 13. Bh6 d5 14. Bxg7 Kxg7 15.
exd5 exd5 16. Be2 Qd7 17. h3 Bb7 18. Rfe1 d4 19. Na2 Rfe8 20. Ne5 Qd5 21. Nf3 h5
22. c4 Qc6 23. b3 g5 24. Qxg5+ Ng6 25. Bd3 a6 26. Ne5 Ne6 27. Nxc6 Nxg5 28. Bxg6
Kxg6 29. Ne5+ Kf6 30. Nd7+ Kf7 31. Nxb6 Rad8 32. Rxe8 Rxe8 33. Nd5 Rd8 34. Nf4
d3 35. Rd1 Kf6 36. Nxh5+ Kf5 37. g4+ Kg6 38. Nf4+ Kf6 39. Nd5+ Bxd5 40. Rxd3
Nf3+ 41. Kf1 Nh2+ 42. Ke1 Nf3+ 43. Kf1 Nh2+ 44. Ke2 Re8+ 45. Re3 Bf3+ 46. Kd3
Rxe3+ 47. Kxe3 Bg2 48. Kf4 Bxh3 49. g5+ Kg6 50. Kg3 Bf1 51. Kxh2 Kxg5 52. Kg3
Be2 53. Nc3 Bd1 54. Nxd1 Kf5 55. b4 cxb4 56. axb4 Ke5 57. Nc3 Kd4 58. b5 a5 59.
b6 Kxc3 60. b7 a4 61. b8=Q a3 62. c5 a2 63. Qe5+ Kb3 64. c6 Kc2 65. c7 Kb1 66.
c8=Q a1=Q 67. Qxa1+ Kxa1 68. Qb7 Ka2 69. Kf3 Ka3 70. Qb5 Ka2 71. Ke3 Ka3 72. Kd3
Ka2 73. Kc2 Ka3 74. Kc1 Ka2 75. Qb2# {Black checkmated} 1-0

[Event "Team 45 45 League T44"]
[Site "Internet Chess Club"]
[Date "2010.03.08"]
[Round "5"]
[White "lawth3"]
[Black "The-Capitalist"]
[Result "0-1"]
[WhiteElo "1188"]
[BlackElo "1383"]
[Opening "QGD Slav: exchange variation"]
[ECO "D13"]
[Time "21:00:05"]
[TimeControl "2700+45"]

1. d4 d5 2. c4 c6 3. cxd5 cxd5 4. Nf3 Nf6 5. Nc3 Nc6 6. Bf4 a6 7. a4 Qa5 8. Bd2
Qb6 9. Rb1 Bf5 10. Ra1 Qxb2 11. Ra2 Qb6 12. Bg5 h6 13. Bxf6 gxf6 14. Nxd5 Qa5+
15. Nd2 Qxd5 16. Rb2 Nxd4 17. e4 Bxe4 18. Bc4 Qe5 19. O-O b5 20. Re1 bxc4 21.
Rxe4 Qd5 22. a5 c3 23. Qa4+ Nb5 24. Rd4 Qxd4 25. Rxb5 Qxa4 {White resigns} 0-1

[Event "Team 45 45 League T44"]
[Site "Internet Chess Club"]
[Date "2010.03.07"]
[Round "5"]
[White "MateIn42"]
[Black "jjaillet2007"]
[Result "1-0"]
[WhiteElo "1413"]
[BlackElo "1268"]
[Opening "French: Marshall variation"]
[ECO "C10"]
[Time "20:00:17"]
[TimeControl "2700+45"]

1. e4 e6 2. d4 d5 3. Nc3 c5 4. Nf3 Nc6 5. Be3 Nf6 6. exd5 exd5 7. dxc5 Bg4 8.
Bb5 a6 9. Ba4 b5 10. cxb6 Qc8 11. Nxd5 Bd6 12. Nxf6+ gxf6 13. Qxd6 Bd7 14. O-O
Na5 15. Bxd7+ Qxd7 16. Qxd7+ Kxd7 17. Rad1+ Ke6 18. Rfe1 Kf5 19. Rd5+ Kg6 20.
Nh4+ Kg7 21. Nf5+ Kg6 22. Rxa5 Rhe8 23. g4 Re5 24. Rxe5 fxe5 25. Ne7+ Kf6 26.
Nc6 {Black resigns} 1-0

[Event "Team 45 45 League T44"]
[Site "Internet Chess Club"]
[Date "2010.03.07"]
[Round "5"]
[White "Cicero"]
[Black "bowwrestler"]
[Result "1-0"]
[WhiteElo "1131"]
[BlackElo "1008"]
[Opening "Scandinavian (center counter) defense"]
[ECO "B01"]
[Time "17:00:25"]
[TimeControl "2700+45"]

1. e4 d5 2. exd5 Qxd5 3. Nf3 Nf6 4. d4 a6 5. Nc3 Qd6 6. Bd3 Be6 7. Bd2 Nbd7 8.
O-O Bg4 9. h3 Bh5 10. Re1 e6 11. Be2 Nb6 12. Ne5 Bxe2 13. Qxe2 Nbd5 14. Nxd5
Qxd5 15. c4 Qxd4 16. Bc3 Qb6 17. Rad1 Bd6 18. Nd3 c5 19. Bxf6 gxf6 20. Qe3 Qa7
21. Nf4 e5 22. Rxd6 Ke7 23. Qd3 Rac8 24. Rd7+ Kf8 25. Qd5 Kg7 26. Qxf7+ Kh6 27.
Qxf6# {Black checkmated} 1-0

[Event "Team 45 45 League T44"]
[Site "Internet Chess Club"]
[Date "2010.03.08"]
[Round "5"]
[White "KidRattler"]
[Black "PsyMar"]
[Result "0-1"]
[WhiteElo "940"]
[BlackElo "1172"]
[Opening "Alekhine's defense: Scandinavian variation"]
[ECO "B02"]
[Time "09:57:49"]
[TimeControl "2700+45"]

1. e4 Nf6 2. Nc3 d5 3. exd5 Nxd5 4. Nxd5 Qxd5 5. Nf3 e5 6. d3 Bg4 7. Be2 Nc6 8.
O-O O-O-O 9. Bg5 f6 10. Bd2 Bc5 11. Be3 Bxe3 12. fxe3 Qc5 13. Qd2 e4 14. Ne1
Bxe2 15. Qxe2 exd3 16. Nxd3 Qb5 17. b3 Rhe8 18. Rf3 Nd4 19. Qf2 Nxf3+ 20. Qxf3
Qb6 21. Qf5+ Kb8 22. Qxh7 Rxe3 23. Qxg7 Re1# {White checkmated} 0-1